 Dungeon Crawl Stone Soup version 0.25.1-2-g60ff931df9 (webtiles) character file.

Game seed: 14735320359672089262

47 H0rd4k the Insei (level 3, 0/23 HPs)
             Began as an Octopode Transmuter on Aug 5, 2020.
             Slain by a howler monkey (7 damage)
             ... on level 2 of the Dungeon.
             The game lasted 00:00:56 (1161 turns).

H0rd4k the Insei (Octopode Transmuter)              Turns: 1161, Time: 00:00:56

Health: 0/23       AC:  1    Str:  9    XL:     3   Next: 70%
Magic:  6/6        EV: 13    Int: 16    God:
Gold:   78         SH:  0    Dex: 12    Spells: 5/6 levels left

rFire    . . .     SeeInvis .     - Unarmed
rCold    . . .     Gourm    .   (no shield)
rNeg     . . .     Faith    .   (helmet restricted)
rPois    .         Spirit   .   (no amulet)
rElec    .         Reflect  .   (no ring)
rCorr    .         Harm     .   (no ring)
MR       .....                  (no ring)
Stlth    ++........             (no ring)
HPRegen  0.07/turn              (no ring)
MPRegen  0.10/turn              (no ring)
                                (no ring)
                                (no ring)

@: no status effects
A: almost no armour, stealthy swim, amphibious, 8 rings, constrict 8, camouflage
1, gelatinous body 1
a: no special abilities


You were on level 2 of the Dungeon.
You were hungry.

You visited 1 branch of the dungeon, and saw 2 of its levels.

You collected 78 gold pieces.

Inventory:

Missiles
 a - 12 arrows
 h - 14 poisoned darts (quivered)
Scrolls
 d - 3 scrolls of identify {unknown}
 e - a scroll of fear {unknown}
 g - a scroll of teleportation {unknown}
Potions
 f - a potion of curing {unknown}
Comestibles
 c - 5 rations


   Skills:
 + Level 1.1 Fighting
 + Level 2.3 Dodging
 + Level 0.5 Stealth
 + Level 3.9 Unarmed Combat
 * Level 2.1 Spellcasting
 * Level 2.4 Transmutations


You had 5 spell levels left.
You knew the following spells:

 Your Spells              Type           Power        Failure   Level  Hunger
a - Beastly Appendage     Tmut           #.....       8%          1    #......

Your spell library contained the following spells:

 Spells                   Type           Power        Failure   Level  Hunger
 Sticks to Snakes         Tmut           #.......     12%         2    ###....
 Spider Form              Tmut/Pois      #.........   36%         3    ###....
 Ice Form                 Ice/Tmut       #.......     77%         4    #####..
 Blade Hands              Tmut           #.........   91%         5    ######.


Dungeon Overview and Level Annotations

Branches:
Dungeon (2/15)

Altars:


Innate Abilities, Weirdness & Mutations

You cannot wear most types of armour.
You are very stealthy in the water. (Stealth+)
You are amphibious.
You can wear up to eight rings at the same time.
You can use your tentacles to constrict eight enemies at once.
Your skin changes colour to match your surroundings (Stealth+).
Your rubbery body absorbs attacks. (AC +1, EV +1)


Message History

You closely miss the howler monkey. Your grab misses the howler monkey.
The howler monkey hits you.
You closely miss the howler monkey. Your grab misses the howler monkey.
The howler monkey closely misses you.
You tentacle-slap the howler monkey. Your grab misses the howler monkey.
The howler monkey is lightly wounded.
The howler monkey barely misses you.
You tentacle-slap the howler monkey but do no damage.
Your grab misses the howler monkey.
The howler monkey is lightly wounded.
The howler monkey hoots and howls with incredible vigour!
You hear a shout! x2
You bludgeon the howler monkey! Your grab misses the howler monkey.
The howler monkey is heavily wounded.
The howler monkey hits you.
You tentacle-slap the howler monkey. You grab the howler monkey.
The howler monkey is severely wounded.
You constrict the howler monkey. The howler monkey misses you.
The gnoll hits you. The howler monkey hits you!
You die...

♣.♣♣
##(.......##.##.#
♣.♣♣
#.........##.##.#
♣..♣
#.....#########.#
♣♣.♣ #.....# #.#
♣♣♣ ♣.♣ #.....#
g8 #.# ♣♣♣.♣♣♣♣.♣
#...).#..♣. #.#
♣....♣...♣
#.....'.8.♣ +.#
♣♣..♣.....♣
#..g###..♣.
♣..♣♣♣...♣♣ #..@#
.!.8 ♣..♣ ♣.♣♣♣
#..h# ... ♣.♣♣
♣.♣ #...# ### ..♣
♣♣♣ #.... ..♣
#...# .♣♣ #...<
.♣ #...# ♣♣ #..$.
♣


You could see a howler monkey (catching breath) and a gnoll.

Vanquished Creatures
  2 dart slugs (D:1)
  A leopard gecko (D:2)
  3 ball pythons (D:2)
  4 bats
  2 giant cockroaches (D:2)
  7 goblins
  2 hobgoblins (D:2)
  6 jackals
  3 kobolds (D:1)
  A frilled lizard (D:2)
  6 rats (D:1)
37 creatures vanquished.

Notes
Turn   | Place    | Note
-------+----------+-------------------------------------------
     0 | D:1      | H0rd4k the Octopode Transmuter began the quest for the Orb.
     0 | D:1      | Reached XP level 1. HP: 13/13 MP: 3/3
   163 | D:1      | Reached XP level 2. HP: 15/18 MP: 5/5
   502 | D:1      | Reached XP level 3. HP: 20/23 MP: 6/6
   621 | D:1      | You fall into a shaft and drop 1 floor!
  1161 | D:2      | Slain by a howler monkey

Illustrated notes

Levels and vault maps discovered:
D:1:      minmay_arrival_cross, layout_rooms
D:2:      kb_forest_paths, layout_basic, lemuel_round_altar, first_ration,
          kennysheep_generic_room_10

Action                   || total
-------------------------++-------
Melee: Unarmed           ||    92
       Constrict         ||    28
       Tentacles         ||     9
       Punch             ||     2
 Stab: Sleeping          ||     3
Armor: Skin              ||    10
Dodge: Dodged            ||    80
